 Dungeon Crawl Stone Soup version 0.18.1-8-gdd0e5ea (webtiles) character file.

119 nikopol the Poker (level 4, -1/61 HPs)
             Began as a Minotaur Berserker on May 29, 2016.
             Was a Believer of Trog.
             Slain by an orc warrior
             ... wielding a +0 trident
              (5 damage)
             ... on level 3 of the Dungeon.
             The game lasted 00:04:10 (1531 turns).

nikopol the Poker (Minotaur Berserker)              Turns: 1531, Time: 00:04:12

Health: -1/61      AC:  5    Str: 27    XL:     4   Next: 74%
Magic:  3/3        EV:  9    Int:  4    God:    Trog [**....]
Gold:   99         SH:  9    Dex: 10    Spells: 0 memorised, 3 levels left

rFire  . . .     SeeInvis .     a - +0 spear
rCold  . . .     Gourm    .     s - +0 ring mail
rNeg   . . .     Faith    .     d - +0 shield
rPois  .         Spirit   .     (helmet restricted)
rElec  .         Dismiss  .     (no cloak)
rCorr  .         Reflect  .     (no gloves)
SustAt .         Harm     .     (no boots)
MR     .....                    (no amulet)
Stlth  ..........               (no ring)
                                (no ring)

@: berserking, very quick, not resistant to hostile enchantments, extremely
unstealthy
A: retaliatory headbutt, horns 2
a: Berserk, Trog's Hand, Burn Spellbooks, Renounce Religion


You were on level 3 of the Dungeon.
You worshipped Trog.
Trog was pleased with you.
You were not hungry.

You visited 1 branch of the dungeon, and saw 3 of its levels.

You collected 99 gold pieces.

Inventory:

Hand Weapons
 a - a +0 spear (weapon)
Missiles
 j - 3 poisoned javelins (quivered)
Armour
 b - a +0 animal skin
 d - a +0 shield (worn)
 h - a +0 leather armour
 s - a +0 ring mail (worn)
Jewellery
 l - an uncursed ring of ice {unknown}
 n - a +4 ring of evasion {unknown}
Scrolls
 e - a scroll of amnesia {unknown}
 f - a scroll of enchant armour {unknown}
 g - a scroll of blinking {unknown}
 i - a scroll of identify {unknown}
 r - 4 scrolls of magic mapping {unknown}
 u - a scroll of recharging {unknown}
 x - a scroll of remove curse {unknown}
Potions
 k - a potion of agility {unknown}
 m - a potion of berserk rage {unknown}
 o - a potion of curing {unknown}
 p - a potion of cure mutation {unknown}
 q - a potion of mutation {unknown}
 t - 2 potions of brilliance {unknown}
Comestibles
 c - a bread ration
 w - 2 fruits


   Skills:
 + Level 4.3 Fighting
 * Level 4.9 Polearms
 + Level 3.2 Armour
 + Level 3.0 Dodging
 + Level 1.6 Shields


You had 3 spell levels left.
You didn't know any spells.

Dungeon Overview and Level Annotations

Branches:
Dungeon (3/15)

Altars:


Innate Abilities, Weirdness & Mutations

You reflexively headbutt those who attack you in melee.
You have a pair of horns on your head.


Message History

* * * LOW HITPOINT WARNING * * *
You block the bat's attack.
Found a spear.
Things that are here:
a dyed leather armour; an orc corpse You closely miss the orc warrior.
Your headbutt misses the orc warrior. The bat closely misses you.
You furiously retaliate!
You headbutt the bat!
You kill the bat!
Trog accepts your kill. You block the orc warrior's attack.
The adder barely misses you.
You hit the orc warrior.
The orc warrior is lightly wounded.
You block the orc warrior's attack. You block the adder's attack.
You closely miss the orc warrior.
The orc warrior is lightly wounded.
You closely miss the orc warrior. You headbutt the orc warrior!
The orc warrior is heavily wounded.
You block the adder's attack.
The orc warrior hits you with a trident.
You die...

#...# #...# #
###.. ###.#
#.## #.# ..
#.# ...
######.######
.............#
#####........#
#...!.S..#
#....)@..#
#....o...#
#........#
....?..$....
#.#........#.#
#............#
..###..(##[.#
.. ##).# ..#


You could see an orc warrior and an adder.

Vanquished Creatures
  An orc priest (D:3)
  5 adders
  A worm (D:3)
  A dart slug (D:1)
  6 orcs (D:3)
  2 giant cockroaches
  3 goblins
  4 hobgoblins
  A jackal (D:3)
  A quokka (D:3)
  A ball python (D:3)
  A bat (D:3)
  4 giant newts
  4 kobolds
  4 rats
39 creatures vanquished.

Notes
Turn   | Place    | Note
--------------------------------------------------------------
     0 | D:1      | nikopol the Minotaur Berserker began the quest for the Orb.
     0 | D:1      | Reached XP level 1. HP: 19/19 MP: 0/0
   237 | D:1      | Reached XP level 2. HP: 25/27 MP: 1/1
   767 | D:2      | Reached XP level 3. HP: 23/33 MP: 2/2
  1229 | D:3      | Reached skill level 1 in Shields
  1254 | D:3      | Reached ** piety under Trog
  1254 | D:3      | Reached XP level 4. HP: 31/40 MP: 3/3
  1515 | D:3      | Noticed an orc warrior
  1526 | D:3      | HP: 3/61 [adder (1)]
  1531 | D:3      | Slain by an orc warrior

Skill      XL: |  1  2  3  4 |
---------------+-------------+-----
Polearms       | 4 |  4.9
Fighting       | 4 |  4.3
Armour         | 3 |  3.2
Shields        | 1 |  1.6
Dodging        | 3 |  3.0

Action                   |  1- 3 |  4- 6 || total
-------------------------+-------+-------++-------
Melee: Spear             |   101 |    40 ||   141
       Headbutt          |     5 |     4 ||     9
Invok: Berserk           |       |     2 ||     2
  Eat: Chunk             |     1 |     2 ||     3
Armor: Leather armour    |     5 |       ||     5
       Animal skin       |     1 |       ||     1
       Ring mail         |    14 |    15 ||    29
Dodge: Dodged            |    25 |    13 ||    38
Block: Shield            |    22 |    22 ||    44
